AoeStats
← [RZ] HardZeeiRa-BR

Arabia

510085356Analyzed
1v1 RM · 2d ago on Sep 29, 2026· 61m 53s· 2 players
Game mode
Random Map
Map size
Tiny (2 player)
Population
200
Speed
Normal
Resources
Standard
Victory
Conquest
Starting age
Dark Age
Ending age
Imperial Age
RankedLock teamsTeams togetherTeam positionsShared explorationLock speedFull tech treeHidden civsTurbo modeCheats
Victory
Defeat
🇧🇷 Varangians · Brazil
1224
+17
🇺🇸 Ethiopians · United States
1249
-17
[RZ] HardZeeiRa-BR
6:58 Loom
9:16 Feudal Age
10:40 Double-Bit Axe
11:07 Horse Collar
14:20 Bloodlines
17:25 Scale Barding Armor
21:00 Wheelbarrow
24:37 Castle Age
23:19 Forging
23:02 Gold Mining
25:57 Chain Barding Armor
31:58 Stone Mining
33:55 Fletching
35:02 Iron Casting
35:16 Stone Shaft Mining
34:44 Heavy Plow
35:17 Bow Saw
37:05 Bodkin Arrow
40:51 Imperial Age
38:47 Husbandry
38:16 Vendel Legacy
42:35 Cavalier
44:05 Fortified Wall
44:55 Chemistry
45:00 Plate Barding Armor
44:58 Bracer
46:00 Crop Rotation
47:22 Onager
48:29 Conscription
47:59 Heavy Scorpion
54:34 Light Cavalry
56:26 Treadmill Crane
56:52 Siege Engineers
57:12 Ballistics
60:23 Blast Furnace
61:13 Murder Holes
61:29 Masonry
60:50 Hussar
dean
6:38 Loom
9:46 Feudal Age
13:29 Fletching
20:04 Castle Age
18:05 Double-Bit Axe
20:09 Crossbowman
20:45 Bodkin Arrow
20:32 Crossbowman
24:00 Bow Saw
26:32 Ballistics
27:52 Padded Archer Armor
37:29 Imperial Age
35:04 Horse Collar
36:23 Squires
38:31 Wheelbarrow
38:29 Bracer
40:32 Arbalester
43:55 Stone Mining
43:57 Gold Mining
45:03 Arson
46:04 Murder Holes
47:58 Gold Shaft Mining
49:07 Scale Mail Armor
49:19 Halberdier
50:53 Thumb Ring
52:01 Conscription
52:17 Chain Mail Armor
52:52 Heavy Plow
53:52 Herbal Medicine
55:00 Chemistry
56:28 Plate Mail Armor
55:42 Elite Shotel Warrior
59:07 Forging
Connection lost

Rejoining the realm…

Still unreachable

The connection could not be restored.

Session expired

The server has moved on; the page needs a fresh start.